 Dungeon Crawl Stone Soup version 0.29.0-4-gdea44cf6ec (webtiles) character file.

Game seed: 11354784662756452522

130 qw the Ruffian (level 4, -15/44 HPs)
             Began as a Troll Cinder Acolyte on Sept 1, 2022.
             Was a High Priest of Ignis.
             Demolished by an ogre
             ... wielding a +0 giant club
              (18 damage)
             ... on level 3 of the Dungeon.
             The game lasted 00:01:24 (2171 turns).

qw the Ruffian (Troll Cinder Acolyte)               Turns: 2171, Time: 00:01:25

Health: -15/44     AC: 11    Str: 24    XL:     4   Next: 89%
Magic:  4/4        EV:  7    Int: 10    God:    Ignis [*****.]
Gold:   170        SH:  6    Dex:  5    Spells: 5/5 levels left

rFire   + + .      SeeInvis .     - Unarmed
rCold   . . .      Faith    .   b - +0 kite shield
rNeg    . . .      Spirit   .   a - +0 robe
rPois   .          Reflect  .   (helmet restricted)
rElec   .          Harm     .   (no cloak)
rCorr   .          Rampage  .   (gloves unavailable)
Will    .....                   (boots unavailable)
Stlth   +.........              (no amulet)
HPRegen 0.94/turn               d - ring of protection from fire
MPRegen 0.09/turn               (no ring)

@: fiery-armoured
A: large, unfitting armour, claws 3, regeneration 1, shaggy fur 1, tough skin 1
a: Renounce Religion, Fiery Armour, Foxfire Swarm, Rising Flame


You were on level 3 of the Dungeon.
You worshipped Ignis.
Ignis was extremely pleased with you.
You visited 1 branch of the dungeon, and saw 3 of its levels.

You collected 170 gold pieces.


Innate Abilities, Weirdness & Mutations

You are too large for most types of armour.
You have claws for hands.
Your natural rate of healing is unusually fast.
You are covered in fur. (AC +1)
You have tough skin. (AC +1)


   Skills:
 - Level 2.4 Fighting
 + Level 2.8 Shields
 - Level 4.4 Unarmed Combat
 - Level 1.0 Spellcasting
 - Level 2.1 Fire Magic


You had 5 spell levels left.
You didn't know any spells.
Your spell library contained the following spells:

 Spells                   Type           Power      Damage    Failure   Level
 Scorch                   Fire           8%         2d5       45%         2

Inventory:

Armour
 a - a +0 robe (worn)
 b - a +0 kite shield (worn)
Jewellery
 d - a ring of protection from fire (left claw)
 h - a ring of fire
 l - a ring of protection from cold
Scrolls
 f - a scroll of enchant armour {unknown}
 g - a scroll of teleportation {unknown}
Potions
 c - a potion of mutation {unknown}
 e - 2 potions of curing {unknown}
 i - 2 potions of lignification {unknown}
 j - a potion of haste {unknown}
 k - a potion of might {unknown}
 m - 2 potions of heal wounds {unknown}
 n - a potion of degeneration {unknown}

Dungeon Overview and Level Annotations

Branches:
Dungeon (3/15)

Altars:
Qazlal

Shops:
D:2 :

Annotations:
D:2 1 runed translucent door, Crazy Yiuf


Message History

You scratch the kobold but do no damage.
The kobold hits you with a +0 club. You block the kobold's attack.
You closely miss the kobold. The kobold hits you but does no damage.
You barely miss the kobold. The kobold hits you but does no damage.
You claw the kobold!
You kill the kobold!
The hound closely misses you.
You claw the hound!
The hound is severely wounded.
The hound bites you.
You claw the hound!
You kill the hound!
You barely miss the hobgoblin. The hobgoblin closely misses you.
You claw the hobgoblin!
You kill the hobgoblin!
You start resting.
HP restored.
Items here: %% ( ).
Found a trident.
m - 2 viscous emerald potions (gained 1)
e - 2 brown potions (gained 1)
n - a metallic clear potion An ogre comes into view.
It is wielding a +0 giant club.
The ogre shouts!
You barely miss the ogre. The ogre closely misses you.
You scratch the ogre but do no damage.
The ogre hits you with a +0 giant club!!
You closely miss the ogre. You scratch the ogre.
The ogre is lightly wounded.
The ogre hits you with a +0 giant club!!
Ouch! That really hurt!
2171 ||| INVOKING Fiery Armour.
A protective cloak of flame settles atop you.
The ogre hits you with a +0 giant club!!
You die...

...
###.........##.#
..##
...............#
.##
##..........###
## ..)###...####
#.. #...# #.
#...# ##.## #O#
#@# #.# #.# #.#
... ###


You could see an ogre.

Vanquished Creatures
  A hound (D:3)
  A gnoll (D:1)
  3 worms (D:3)
  2 dart slugs (D:1)
  2 orcs
  5 ball pythons
  6 bats
  6 endoplasms
  2 giant cockroaches
  7 hobgoblins
  7 jackals
  A quokka (D:1)
  2 frilled lizards (D:2)
  6 goblins
  8 kobolds
  7 rats
66 creatures vanquished.

Notes
Turn   | Place    | Note
-------+----------+-------------------------------------------
     0 | D:1      | qw the Troll Cinder Acolyte began the quest for the Orb.
     0 | D:1      | Reached XP level 1. HP: 22/22 MP: 1/1
     0 | D:1      | 0 ||| qw: Version: 0.1-a-97-g2dd2ca4
     0 | D:1      | 0 ||| qw: Game counter: 4868
     0 | D:1      | 0 ||| qw: Always use a shield: true
     0 | D:1      | 0 ||| qw: God list: Okawaru
     0 | D:1      | 0 ||| qw: Allow faded altars: false
     0 | D:1      | 0 ||| qw: Do Orc after D:15 true
     0 | D:1      | 0 ||| qw: Do second Lair branch before Depths: true
     0 | D:1      | 0 ||| qw: Lair rune preference: random
     0 | D:1      | 0 ||| qw: Plans: Normal
     0 | D:1      | 0 ||| PLANNING D:1-11
   100 | D:1      | Reached XP level 2. HP: 29/29 MP: 2/2
   189 | D:1      | Reached skill level 4 in Unarmed Combat
   318 | D:1      | 318 ||| Stepping ~*~*~tactically~*~*~ (hiding).
   322 | D:1      | 322 ||| Stepping ~*~*~tactically~*~*~ (hiding).
   513 | D:1      | Reached XP level 3. HP: 36/36 MP: 3/3
   770 | D:1      | 770 ||| UPGRADING to +0 kite shield.
   775 | D:1      | 775 ||| DRINKING 2 viscous amethyst potions.
   776 | D:1      | 776 ||| DROPPING potion of flight.
  1010 | D:2      | Found a faded altar of an unknown god.
  1023 | D:2      | Reached skill level 1 in Shields
  1144 | D:2      | Found Moacyzae's Book Shop.
  1332 | D:2      | Found a runed translucent door.
  1333 | D:2      | Noticed Crazy Yiuf
  1528 | D:2      | 1528 ||| UPGRADING to ring of protection from fire.
  1529 | D:2      | 1529 ||| READING 2 scrolls labelled BIDYDU WABOIN.
  1530 | D:2      | 1530 ||| READING scroll labelled GIEMAI UHETUING.
  1531 | D:2      | 1531 ||| DROPPING scroll of poison.
  1532 | D:2      | 1532 ||| Stepping randomly (stuck).
  1533 | D:2      | 1533 ||| Stepping ~*~*~tactically~*~*~ (cloud).
  1591 | D:3      | 1591 ||| STAIRDANCE
  1593 | D:2      | 1593 ||| Stepping ~*~*~tactically~*~*~ (outnumbered).
  1594 | D:2      | 1594 ||| Stepping ~*~*~tactically~*~*~ (outnumbered).
  1595 | D:2      | 1595 ||| Stepping ~*~*~tactically~*~*~ (outnumbered).
  1596 | D:2      | 1596 ||| Stepping ~*~*~tactically~*~*~ (outnumbered).
  1597 | D:2      | 1597 ||| Stepping ~*~*~tactically~*~*~ (outnumbered).
  1598 | D:2      | 1598 ||| Stepping ~*~*~tactically~*~*~ (outnumbered).
  1599 | D:2      | 1599 ||| Stepping ~*~*~tactically~*~*~ (outnumbered).
  1600 | D:2      | 1600 ||| Stepping ~*~*~tactically~*~*~ (outnumbered).
  1601 | D:2      | 1601 ||| Stepping ~*~*~tactically~*~*~ (outnumbered).
  1602 | D:2      | 1602 ||| Stepping ~*~*~tactically~*~*~ (outnumbered).
  1603 | D:2      | 1603 ||| Stepping ~*~*~tactically~*~*~ (outnumbered).
  1604 | D:2      | 1604 ||| Stepping ~*~*~tactically~*~*~ (outnumbered).
  1605 | D:2      | 1605 ||| Stepping ~*~*~tactically~*~*~ (outnumbered).
  1606 | D:2      | 1606 ||| Stepping ~*~*~tactically~*~*~ (outnumbered).
  1607 | D:2      | 1607 ||| Stepping ~*~*~tactically~*~*~ (outnumbered).
  1608 | D:2      | 1608 ||| Stepping ~*~*~tactically~*~*~ (outnumbered).
  1609 | D:2      | 1609 ||| Stepping ~*~*~tactically~*~*~ (outnumbered).
  1671 | D:3      | 1671 ||| STAIRDANCE
  1675 | D:2      | Reached XP level 4. HP: 44/44 MP: 4/4
  1719 | D:3      | 1719 ||| STAIRDANCE
  1770 | D:3      | 1770 ||| Stepping ~*~*~tactically~*~*~ (stealth).
  1771 | D:3      | 1771 ||| Stepping ~*~*~tactically~*~*~ (stealth).
  1776 | D:3      | 1776 ||| Stepping ~*~*~tactically~*~*~ (outnumbered).
  1914 | D:3      | Found a stormy altar of Qazlal.
  1921 | D:3      | 1921 ||| Stepping ~*~*~tactically~*~*~ (stealth).
  1923 | D:3      | 1923 ||| Stepping ~*~*~tactically~*~*~ (stealth).
  2161 | D:3      | Noticed an ogre
  2170 | D:3      | HP: 2/44 [ogre/+0 giant club (23)]
  2171 | D:3      | 2171 ||| INVOKING Fiery Armour.
  2171 | D:3      | Demolished by an ogre

Levels and vault maps discovered:
D:1:      shiori_arrival_oz, layout_rooms, bh_walls_and_bars
D:2:      layout_basic, shapermc_ecumenical_altar_flowoftime, serial_shops,
          shop, uniq_crazy_yiuf_cottage
D:3:      layout_loops_ring, nicolae_qazlal_scattered_showers, minmay_cut_off

Skill      XL: |  1  2  3  4 |
---------------+-------------+-----
Unarmed Combat | 4 |  4.4
Shields        | 1 2 |  2.8
Fighting       | |  2.4
Spellcasting   | |  1.0
Fire Magic     | |  2.1

Action                   |  1- 3 |  4- 6 || total
-------------------------+-------+-------++-------
Melee: Unarmed           |   120 |    69 ||   189
       Punch             |     1 |       ||     1
Invok: Fiery Armour      |       |     1 ||     1
  Use: Scroll            |     2 |       ||     2
       Potion            |     1 |       ||     1
Armor: Robe              |    50 |    37 ||    87
Dodge: Dodged            |    40 |    16 ||    56
Block: Kite shield       |    14 |    32 ||    46

Table legend:
 A = Non-vault XP
 B = Vault XP
 C = Vault XP percentage of total XP
 D = Non-vault monster count
 E = Vault monster count
 F = Vault count percentage of total count
                 A         B        C        D         E       F
            +---------+---------+-------+---------+---------+-------
      Total |     180 |       6 |   3.2 |      63 |       3 |   4.5
            +---------+---------+-------+---------+---------+-------
        D:1 |      56 |       4 |   6.7 |      22 |       2 |   8.3
        D:2 |      37 |       0 |   0.0 |      21 |       0 |   0.0
        D:3 |      87 |       2 |   2.2 |      20 |       1 |   4.8
            +---------+---------+-------+---------+---------+-------
